Map: [ESL] Oceanborn

Players

Firefly - Winner!

  • Race: Protoss Protoss
  • League: Master
  • Spawn Location: 11:00

Astrea

  • Race: Protoss Protoss
  • Spawn Location: 5:00

Event: IEM Katowice 2024

VOD

Have the link to the VOD?

Description

Time

  • Played on: Feb. 9, 2024, 12:05 p.m.
  • Length: 13:27

All games in this series

Show
View Real Time Build Order
Export as new Build Order

Firefly Protoss - Winner!

Build Orders: Phoenix Opening 

Get SALT Encoding   

  12  0:00  Probe  
  13  0:12  Probe  
  14  0:17  Pylon  
  14  0:24  Probe  
  15  0:35  Gateway  
  15  0:36  Probe (Chrono Boost)  
  16  0:46  Assimilator, Probe (Chrono Boost)  
  17  0:51  Probe (Chrono Boost)  
  17  0:56  Assimilator  
  18  1:03  Probe (Chrono Boost)  
  19  1:07  Gateway  
  20  1:12  Probe (Chrono Boost)  
  20  1:17  Probe (Chrono Boost)  
  20  1:25  Cybernetics Core  
  21  1:29  Probe  
  22  1:35  Pylon  
  22  1:41  Probe  
  23  1:53  Probe  
  24  2:02  Warp Gate, Stalker x2  
  24  2:05  Probe  
  29  2:12  Pylon  
  29  2:17  Pylon  
  29  2:18  Probe  
  30  2:30  Probe  
  31  2:44  Nexus  
  31  2:45  Probe  
  32  2:53  Robotics Facility  
  33  3:01  Pylon  
  32  3:06  Probe  
  32  3:08  Sentry x2  
  37  3:18  Probe  
  37  3:19  Shield Battery  
  38  3:21  Pylon  
  38  3:30  Probe (Chrono Boost)  
  38  3:37  Warp Prism (Chrono Boost)  
  38  3:39  Phoenix  
  41  3:41  Probe (Chrono Boost)  
  41  3:46  Probe (Chrono Boost)  
  42  3:51  Sentry  
  44  3:55  Probe  
  44  3:56  Probe  
  46  4:08  Probe  
  46  4:09  Probe  
  48  4:13  Immortal (Chrono Boost)  
  52  4:20  Probe  
  52  4:21  Probe  
  52  4:23  Twilight Council  
  54  4:32  Adept x2, Probe  
  54  4:33  Probe  
  60  4:42  Pylon  
  60  4:44  Probe  
  60  4:45  Probe  
  62  4:55  Phoenix  
  62  4:57  Immortal (Chrono Boost)  
  60  5:00  Adept x2  
  60  5:01  Stalker x2  
  64  5:15  Nexus, Probe  
  64  5:18  Dark Shrine  
  65  5:22  Probe  
  65  5:23  Blink (Chrono Boost), Pylon  
  65  5:27  Assimilator  
  66  5:32  Assimilator  
  66  5:34  Probe  
  67  5:39  Stalker  
  67  5:40  Probe  
  70  5:44  Stalker  
  70  5:47  Probe  
  70  5:48  Phoenix  
  73  5:52  Probe (Chrono Boost)  
  74  5:57  Forge  
  74  5:59  Probe (Chrono Boost)  
  74  6:01  Observer  
  77  6:04  Probe (Chrono Boost)  
  77  6:08  Gateway  
  77  6:09  Probe (Chrono Boost)  
  78  6:11  Gateway  
  78  6:13  Pylon  
  78  6:16  Pylon  
  78  6:23  Gateway, Protoss Ground Weapons Level 1 (Chrono Boost)  
  78  6:25  Gateway  
  78  6:27  Observer, Probe x2  
  81  6:34  Photon Cannon, Probe  
  81  6:39  Probe  
  83  6:40  Probe  
  83  6:43  Photon Cannon  
  84  6:47  Stalker x2  
  84  6:49  Probe  
  89  6:55  Probe x2  
  89  6:59  Pylon  
  89  7:01  Pylon  
  91  7:05  Stalker  
  91  7:06  Probe  
  94  7:08  Stalker  
  94  7:10  Stalker  
  94  7:13  Stalker  
  100  7:23  Stalker x2  
  102  7:40  Probe x2  
  104  7:46  Stalker x6  
  104  7:50  Nexus  
  116  7:51  Pylon  
  116  7:54  Probe x3  
  116  7:56  Assimilator  
  102  8:15  Stalker x6  
  102  8:18  Observer  
  109  8:21  Photon Cannon, Probe  
  109  8:26  Protoss Ground Weapons Level 2 (Chrono Boost)  
  107  8:27  Probe  
  107  8:29  Probe  
  107  8:30  Assimilator  
  104  8:42  Stalker  
  104  8:43  Observer, Stalker x5  
  104  8:46  Probe  
  118  8:50  Photon Cannon  
  117  8:58  Observer (Chrono Boost)  
  111  9:05  Stalker x2  
  111  9:06  Stalker  
  105  9:10  Stalker x3  
  105  9:15  Probe  
  105  9:16  Probe  
  103  9:30  Stalker x3  
  103  9:32  Probe  
  103  9:33  Probe  
  103  9:35  Photon Cannon  
  103  9:37  Shield Battery, Stalker x2  
  110  9:39  Stalker  
  109  9:56  Stalker x3  
  103  10:06  Stalker  
  103  10:07  Stalker  
  105  10:09  Gateway, Stalker  
  105  10:11  Observer, Gateway  
  105  10:13  Gateway  
  104  10:14  Observer  
  104  10:15  Gateway  
  101  10:25  Dark Templar x2  
  101  10:30  Stalker x3  
  101  10:32  Warp Prism  
  109  10:40  Stalker  
  111  10:45  Probe x3, Pylon  
  109  10:58  Stalker x5  
  117  11:10  Stalker x5  
  125  11:22  Stalker x5  
  123  11:33  Warp Prism  
  123  11:35  Stalker x5  
  123  11:47  Stalker x4  
  123  11:51  Observer  
  124  11:55  Dark Templar  
  124  11:59  Probe x2  
  128  12:11  Nexus  
  126  12:16  Stalker x7  
  138  12:29  Stalker x3  
  138  12:32  Photon Cannon  
  138  12:45  Stalker x6  
  138  12:48  Zealot  
  146  12:54  Zealot x2  
  146  12:57  Zealot  
  146  12:58  Observer  
  120  13:09  Stalker x4  
Show
View Real Time Build Order
Export as new Build Order

Astrea Protoss 

Build Orders: Phoenix Opening, Blink Stalkers, Dark Templar Rush 

Get SALT Encoding   

  12  0:00  Probe  
  13  0:12  Probe  
  14  0:16  Pylon  
  14  0:24  Probe (Chrono Boost)  
  16  0:35  Gateway  
  16  0:36  Probe (Chrono Boost)  
  16  0:42  Probe (Chrono Boost)  
  16  0:44  Assimilator  
  17  0:51  Probe  
  17  0:52  Assimilator  
  18  1:03  Probe (Chrono Boost)  
  19  1:05  Gateway  
  20  1:12  Probe (Chrono Boost)  
  20  1:17  Probe (Chrono Boost)  
  20  1:23  Cybernetics Core  
  21  1:29  Probe  
  22  1:34  Pylon  
  22  1:41  Probe  
  23  1:53  Probe  
  24  1:59  Adept, Stalker, Warp Gate  
  28  2:05  Probe  
  29  2:17  Pylon  
  29  2:24  Pylon  
  29  2:30  Sentry  
  29  2:35  Sentry  
  33  2:45  Nexus  
  33  2:49  Probe  
  34  2:53  Stalker  
  36  3:00  Pylon  
  36  3:01  Probe  
  36  3:02  Phoenix  
  37  3:13  Probe (Chrono Boost)  
  37  3:18  Twilight Council  
  36  3:25  Probe (Chrono Boost)  
  37  3:32  Shield Battery, Probe (Chrono Boost)  
  38  3:40  Probe  
  39  3:54  Blink (Chrono Boost), Probe (Chrono Boost)  
  39  3:55  Dark Shrine, Phoenix  
  40  3:57  Probe (Chrono Boost)  
  41  4:08  Probe (Chrono Boost)  
  41  4:09  Probe (Chrono Boost)  
  43  4:13  Probe (Chrono Boost)  
  43  4:16  Pylon, Probe  
  45  4:17  Stalker  
  45  4:18  Stalker  
  45  4:23  Probe  
  50  4:28  Probe  
  50  4:29  Pylon  
  51  4:37  Probe  
  52  4:40  Probe  
  53  4:47  Nexus  
  53  4:49  Probe  
  54  4:54  Stalker  
  54  4:56  Phoenix  
  53  5:00  Probe  
  53  5:01  Stalker  
  53  5:02  Probe  
  56  5:12  Probe  
  56  5:14  Probe  
  56  5:17  Robotics Facility  
  56  5:19  Assimilator  
  56  5:20  Pylon  
  57  5:24  Probe  
  57  5:26  Pylon  
  57  5:27  Stalker  
  60  5:34  Probe  
  61  5:36  Probe  
  61  5:38  Stalker  
  64  5:45  Forge  
  64  5:46  Probe  
  64  5:48  Probe (Chrono Boost)  
  66  5:58  Probe (Chrono Boost)  
  66  5:59  Probe (Chrono Boost)  
  66  6:01  Shield Battery, Probe (Chrono Boost)  
  69  6:05  Observer (Chrono Boost)  
  69  6:09  Probe x2 (Chrono Boost)  
  69  6:10  Stalker, Probe (Chrono Boost)  
  69  6:11  Stalker  
  77  6:13  Probe (Chrono Boost)  
  77  6:14  Protoss Ground Weapons Level 1 (Chrono Boost), Probe (Chrono Boost)  
  77  6:15  Probe  
  80  6:19  Photon Cannon  
  80  6:20  Observer  
  80  6:24  Probe  
  82  6:27  Photon Cannon, Probe  
  82  6:30  Probe  
  84  6:36  Probe  
  84  6:37  Stalker x2  
  89  6:41  Probe  
  89  6:44  Probe  
  91  6:50  Pylon  
  91  6:59  Nexus  
  91  7:00  Shadow Stride, Charge  
  91  7:07  Gateway  
  91  7:09  Gateway x2  
  91  7:12  Gateway  
  91  7:19  Gateway  
  91  7:20  Gateway, Pylon  
  90  7:23  Probe x3  
  90  7:27  Stalker x2  
  95  7:31  Immortal (Chrono Boost)  
  91  7:51  Assimilator, Stalker x2  
  94  7:54  Pylon  
  94  7:55  Pylon  
  94  8:01  Dark Templar  
  84  8:06  Dark Templar  
  84  8:09  Zealot  
  84  8:10  Zealot  
  76  8:18  Stalker x3  
  76  8:19  Zealot  
  74  8:24  Nexus  
  74  8:25  Probe x2  
  74  8:26  Pylon  
  74  8:33  Zealot x2  
  78  8:34  Zealot  
  78  8:35  Probe  
  78  8:37  Probe  
  78  8:38  Pylon  
  78  8:40  Zealot x2  
  86  8:42  Protoss Ground Weapons Level 2 (Chrono Boost), Probe  
  86  8:46  Zealot x3  
  93  8:49  Probe  
  93  8:50  Probe  
  93  8:54  Zealot x2  
  93  8:55  Zealot  
  98  9:00  Zealot x2  
  98  9:02  Probe  
  86  9:04  Zealot  
  86  9:05  Probe  
  86  9:06  Zealot  
  86  9:08  Zealot  
  86  9:09  Probe  
  80  9:15  Zealot x3  
  78  9:21  Probe  
  78  9:22  Probe x2  
  79  9:25  Zealot  
  75  9:33  Observer (Chrono Boost), Dark Templar  
  75  9:34  Probe x3  
  75  9:35  Dark Templar  
  75  9:37  Zealot  
  83  9:38  Zealot  
  83  9:39  Probe  
  83  9:45  Zealot x2  
  90  9:47  Zealot  
  90  9:50  Zealot  
  91  9:57  Zealot  
  91  9:59  Zealot  
  89  10:05  Stalker x2  
  89  10:06  Stalker  
  95  10:07  Stalker  
  95  10:09  Shield Battery  
  97  10:19  Zealot x3  
  93  10:26  Immortal (Chrono Boost)  
  93  10:27  Stalker  
  85  10:31  Stalker x3  
  85  10:34  Stalker  
  92  10:46  Stalker x3  
  92  10:49  Shield Battery  
  96  10:53  Zealot  
  96  10:56  Observer (Chrono Boost)  
  93  11:05  Zealot x4  
  93  11:09  Zealot x2  
  93  11:10  Zealot  
  107  11:13  Observer  
  102  11:26  Stalker x5  
  101  11:44  Zealot x3  
  96  11:49  Nexus  
  78  12:02  Stalker x4  
  84  12:11  Stalker x4  
  88  12:23  Observer (Chrono Boost)  
  88  12:33  Stalker x4  
  88  12:35  Zealot x2  
  100  12:40  Zealot x2  
  86  12:55  Dark Templar  
  86  12:56  Stalker x3  
  75  13:01  Zealot x2  
  66  13:07  Stalker  
  56  13:14  Zealot  

Tags
 
Add a new tag
Caveats
  • Supply blocks, unpowered buildings, or Contaminate may cause inaccurate times.
  • Supply counts are checked every 10 seconds.